 Dungeon Crawl Stone Soup version 0.29.1-2-gbd0b4ee654 (webtiles) character file.

Game seed: 13419232183705709176

7268 concernfroge the Spear-Bearer (level 10, -16/85 HPs)
             Began as a Mummy Monk on Nov 25, 2022.
             Was a Priest of Jiyva.
             Demolished by a sun demon (18 damage)
             ... on level 10 of the Dungeon.
             The game lasted 00:30:50 (10838 turns).

concernfroge the Spear-Bearer (Mummy Monk)         Turns: 10838, Time: 00:30:52

Health: -16/85     AC: 14    Str: 19    XL:     10   Next: 89%
Magic:  0/10       EV:  3    Int: 10    God:    Jiyva [***...]
Gold:   135        SH: 10    Dex: 14    Spells: 9/9 levels left

rFire   . . .      SeeInvis .   a - +1 trident
rCold   + + .      Faith    .   e - +0 tower shield
rNeg    + + +      Spirit   +   g - +0 chain mail {rC+}
rPois   ∞          Reflect  .   t - +1 helmet
rElec   .          Harm     .   (no cloak)
rCorr   +          Rampage  .   c - +1 pair of gloves
Will    +....                   h - +1 pair of boots
Stlth   ..........              u - amulet of guardian spirit
HPRegen 1.36/turn               f - ring of protection from fire
MPRegen 0.47/turn               r - +4 ring of slaying

@: calling ooze
A: cold resistance 1, negative energy resistance 3, torment resistance 2, heat
vulnerability 1, in touch with death 1, no potions
a: Renounce Religion, Oozemancy


You were on level 10 of the Dungeon.
You worshipped Jiyva.
Jiyva was most pleased with you.
You visited 2 branches of the dungeon, and saw 11 of its levels.
You also visited: Sewer.

You collected 387 gold pieces.
You spent 252 gold pieces at shops.

Inventory:

Hand Weapons
 a - a +1 trident (weapon)
Missiles
 d - 2 javelins
 p - 6 boomerangs (quivered)
 v - 2 atropa-tipped darts
 x - 2 poisoned darts
Armour
 c - a +1 pair of gloves (worn)
 e - a +0 tower shield (worn)
 g - a +0 chain mail of cold resistance (worn)
 h - a +1 pair of boots (worn)
 t - a +1 helmet (worn)
Magical Staves
 b - a staff of fire
Jewellery
 f - a ring of protection from fire (left hand)
 r - a +4 ring of slaying (right hand)
 u - an amulet of guardian spirit (around neck)
Wands
 o - a wand of polymorph (6)
 s - a wand of flame (5)
 z - a wand of light (1)
 A - a wand of charming (8)
Scrolls
 i - 3 scrolls of teleportation
 j - a scroll of magic mapping
 k - 3 scrolls of immolation
 l - a scroll of vulnerability
 m - 2 scrolls of amnesia
 n - a scroll of silence
 q - a scroll of noise
 w - 3 scrolls of identify
 y - a scroll of fear


   Skills:
 - Level 10.0 Fighting
 + Level 12.0 Polearms
 - Level 2.4 Dodging
 - Level 1.5 Stealth


You had 9 spell levels left.
You didn't know any spells.
Your spell library contained the following spells:

 Spells                   Type           Power      Damage    Failure   Level
 Necrotise                Necr           0%         1d4       100%        1
 Vampiric Draining        Necr           0%         2d6       100%        3
 Agony                    Necr           0%         N/A       100%        5
 Conjure Ball Lightning   Conj/Air       0%         3x3d6     100%        6
 Summon Hydra             Summ           0%         N/A       100%        7
 Discord                  Hex            0%         N/A       100%        8
 Disjunction              Tloc           0%         N/A       100%        8
 Sublimation of Blood     Necr           Unusable   N/A       N/A         2
 Wereblood                Tmut           Unusable   N/A       N/A         2

Dungeon Overview and Level Annotations

Branches:
Dungeon (10/15)            Temple (1/1) D:7            Lair (0/5) D:8
    Orc (0/2) D:10          Sewer (visited)

Altars:
Ashenzari
Cheibriados
Dithmenos
Fedhas
Gozag
Hepliaklqana
Kikubaaqudgha
Makhleb
Nemelex Xobeh
Okawaru
Qazlal
Ru
Sif Muna
Trog
Uskayaw
Vehumet
Wu Jian
Xom
Yredelemnul

Shops:
D:2 (   D:8 [?!=*


Innate Abilities, Weirdness & Mutations

You are immune to poison.
Your flesh is cold resistant. (rC+)
You are immune to negative energy. (rN+++)
You are immune to unholy pain and torment.
You are vulnerable to heat. (rF-)
You are in touch with the powers of death.
You do not drink.


Message History

The sun demon hits you!
You are engulfed in flames!
You block the kobold's attack. The kobold completely misses you.
You closely miss the sun demon. You block the sun demon's attack.
The kobold completely misses you. The kobold hits you but does no damage.
The kobold hits you with a +0 short sword.
The sun demon hits you but does no damage.
You are too injured to fight recklessly!
You are too injured to fight recklessly!
Okay, then.
Activating: Oozemancy (17% risk of failure)
Press: ? - help, Dir - look around, f - activate Slime begins to ooze from the nearby walls!
The walls burn the kobold!
You kill the kobold!
The walls burn the kobold!
You kill the kobold!
The walls burn the kobold!
You kill the kobold!
The walls burn the kobold!
The kobold hits you but does no damage. x2
The walls burn the sun demon!
You block the sun demon's attack. The kobold attacks as you move away!
The kobold hits you but does no damage.
The walls burn the kobold!
You kill the kobold!
The walls burn the sun demon!
The sun demon hits you but does no damage.
Things that are here:
a +0 dagger; a kobold corpse The sun demon attacks as you move away!
The sun demon hits you!
You are engulfed in flames!
* * * LOW HITPOINT WARNING * * *
The kobold attacks as you move away! The kobold hits you but does no damage.
The walls burn the sun demon!
The walls burn the kobold!
You kill the kobold!
You hit the sun demon but do no damage.
The sun demon is moderately wounded.
The walls burn the sun demon!
You block the sun demon's attack.
The walls burn the sun demon!
The sun demon hits you!!
* * * LOW HITPOINT WARNING * * *
You are engulfed in flames!!
You die...

##############.#.#
#........
##......#.#.#
#.#.#####
#.......#.#.#
#.#...#
........#.#.#
#.###.#
#..⌠..)#.#.# #.#
#.# ##.....)#.#.#
#.# #.#
.....).)#.#.# #.#
#.# ##.#.##3#.#.#
#.# #.# #.##@#.#.#
#.# #.#
#.#....#.#.# #.#
#.# ............#
#.###.#
##......J.#.#
#.....#
#.######.#.#
#.###.# # #####
### ###


You could see a sun demon and a neutral jelly (wandering) (fellow slime).

Vanquished Creatures
  A two-headed ogre (D:10)
  A harpy (D:8)
  Joseph (D:9)
  A smoke demon (D:10)
  2 trolls
  Prince Ribbit (D:6)
  A yak (D:8)
  2 wyverns (D:9)
  Grum (D:9)
  3 wargs (D:10)
  Menkaure (D:3)
  A vampire mosquito (D:7)
  Edmund (D:6)
  A water moccasin (D:5)
  2 orc warriors
  2 ice beasts
  A sky beast (D:7)
  A black bear (D:8)
  An ogre (D:6)
  3 wolves (D:9)
  A phantom (D:6)
  4 kobold brigands (D:10)
  A necrophage (D:8)
  4 bullfrogs
  5 wights
  19 killer bees
  A howler monkey (D:5)
  2 electric eels (D:10)
  2 lava snakes (D:9)
  2 jellies (Sewer)
  7 orc priests
  A gnoll bouda (D:5)
  An iguana (D:3)
  5 orc wizards
  6 gnolls
  8 adders
  A white imp (D:7)
  2 ufetubi
  2 worms
  3 dart slugs
  26 orcs
  13 ball pythons
  7 bats
  17 endoplasms
  10 giant cockroaches
  9 goblins
  15 hobgoblins
  5 jackals
  10 quokkas
  8 frilled lizards
  12 kobolds
  12 rats
249 creatures vanquished.

Vanquished Creatures (collateral kills)
  A basilisk (D:8)
1 creature vanquished.

Vanquished Creatures (others)
  A wyvern (D:8)
  A black bear (D:5)
  A sky beast (D:6)
  A lemure (D:8)
  A phantom (D:5)
  2 bullfrogs
  19 jellies
  2 killer bees (D:9)
  A gnoll bouda (D:7)
  2 hounds
  An iguana (D:7)
  2 orc wizards
  2 gnolls
  2 adders
  7 orcs (D:9)
  4 kobolds (D:10)
  3 demonic plants (D:10)
  2 fungi (D:8)
  11 plants
65 creatures vanquished.

Grand Total: 315 creatures vanquished

Notes
Turn   | Place    | Note
-------+----------+-------------------------------------------
     0 | D:1      | concernfroge the Mummy Monk began the quest for the Orb.
     0 | D:1      | Reached XP level 1. HP: 18/18 MP: 1/1
   349 | D:1      | Reached XP level 2. HP: 23/24 MP: 2/2
  1251 | D:1      | Gained mutation: You are in touch with the powers of death.
                  | [Mummy growth]
  1251 | D:1      | Reached XP level 3. HP: 26/30 MP: 3/3
  2379 | D:2      | Reached skill level 5 in Fighting
  2379 | D:2      | Reached XP level 4. HP: 38/39 MP: 4/4
  2481 | D:2      | Found Soxepiu's Weapon Boutique.
  2523 | D:2      | Bought a +0 trident for 42 gold pieces
  3448 | D:3      | Reached XP level 5. HP: 44/46 MP: 5/5
  3608 | D:3      | Found a shimmering blue altar of Sif Muna.
  3651 | D:3      | Found a faded altar of an unknown god.
  3684 | D:3      | Found a radiant altar of Vehumet.
  3816 | D:3      | Found a shimmering altar of Xom.
  4068 | D:4      | Noticed a phantom
  4070 | D:4      | Noticed Menkaure
  4084 | D:3      | Killed Menkaure
  4085 | D:3      | Reached XP level 6. HP: 21/55 MP: 2/6
  5614 | D:5      | Entered Level 5 of the Dungeon
  5637 | D:5      | Found a glowing drain.
  5642 | D:5      | Reached XP level 7. HP: 62/62 MP: 7/7
  5662 | Sewer    | Entered a sewer
  5911 | Sewer    | Found a viscous altar of Jiyva.
  6048 | Sewer    | Became a worshipper of Jiyva Jufyumyc the Shapeless
  6048 | Sewer    | Reached * piety under Jiyva
  6048 | Sewer    | Reached ** piety under Jiyva
  6089 | D:5      | Found an iron altar of Okawaru.
  6094 | D:5      | Identified the +5 dagger "Undertaker" {holy, *Slow +Blink
                  | Fly rF++ rCorr}
  6442 | D:5      | Found a burning altar of Makhleb.
  6986 | D:6      | Reached XP level 8. HP: 63/72 MP: 6/8
  6996 | D:6      | Reached skill level 10 in Fighting
  7037 | D:6      | Reached *** piety under Jiyva
  7181 | D:7      | Reached skill level 3 in Polearms
  7202 | D:6      | Reached skill level 4 in Polearms
  7272 | D:7      | Found a basalt altar of Yredelemnul.
  7369 | D:7      | Found a staircase to the Ecumenical Temple.
  7374 | Temple   | Entered the Ecumenical Temple
  7684 | D:7      | Reached skill level 5 in Polearms
  7846 | D:7      | Noticed a troll
  7874 | D:7      | Killed a troll
  7875 | D:7      | Reached skill level 6 in Polearms
  8141 | D:7      | Reached XP level 9. HP: 78/78 MP: 9/9
  8201 | D:6      | Noticed Prince Ribbit
  8234 | D:6      | Killed Prince Ribbit
  8287 | D:6      | Reached skill level 7 in Polearms
  8325 | D:6      | Found a bloodstained altar of Trog.
  8339 | D:6      | Found a blossoming altar of Fedhas.
  8376 | D:6      | Noticed Edmund
  8400 | D:6      | Killed Edmund
  8746 | D:8      | Found Xuamez's Antique Armour Boutique.
  8784 | D:8      | HP: 2/78 [orc warrior/+0 glaive (10)]
  8910 | D:8      | Reached **** piety under Jiyva
  8912 | D:8      | Found Leiheisch's Distillery.
  8938 | D:8      | Found Jutwouro's Jewellery Shoppe.
  8978 | D:8      | Found a staircase to the Lair.
  8999 | D:8      | Reached skill level 8 in Polearms
  9077 | D:8      | Found Rosamu's General Store.
  9173 | D:8      | Found Zeton's Magic Scroll Shop.
  9182 | D:8      | Bought a scroll of magic mapping for 90 gold pieces
  9182 | D:8      | Bought a scroll of fear for 48 gold pieces
  9182 | D:8      | Bought a scroll of teleportation for 36 gold pieces
  9182 | D:8      | Bought a scroll of teleportation for 36 gold pieces
  9213 | D:8      | Noticed Pikel
  9214 | D:8      | Noticed Pikel
  9214 | D:8      | Pikel changed into Pikel the harpy
  9220 | D:8      | Killed Pikel the harpy
  9221 | D:8      | Reached skill level 9 in Polearms
  9718 | D:9      | Reached XP level 10. HP: 78/85 MP: 10/10
  9882 | D:9      | Reached skill level 10 in Polearms
  9884 | D:9      | Noticed Grum
  9910 | D:9      | Killed Grum
  9974 | D:9      | Noticed Joseph
  9991 | D:9      | Killed Joseph
 10160 | D:9      | Found a stormy altar of Qazlal.
 10333 | D:9      | Reached skill level 11 in Polearms
 10425 | D:10     | Entered Level 10 of the Dungeon
 10473 | D:10     | Found a snail-covered altar of Cheibriados.
 10577 | D:10     | Found a staircase to the Orcish Mines.
 10641 | D:10     | Noticed a smoke demon
 10647 | D:10     | Killed a smoke demon
 10734 | D:10     | Noticed a two-headed ogre
 10743 | D:10     | Killed a two-headed ogre
 10786 | D:10     | Reached skill level 12 in Polearms
 10824 | D:10     | Noticed a sun demon
 10838 | D:10     | HP: 2/85 [sun demon (18)]
 10838 | D:10     | Demolished by a sun demon

Illustrated notes

Levels and vault maps discovered:
D:1:      mushboom_english_gardens, layout_loops_corners, serial_bayou,
          serial_bayou_shore_a, serial_bayou_pond_a, serial_bayou_crossing,
          serial_bayou_pond_b
D:2:      layout_loops_cross, serial_shops, nicolae_shop_advertising_works
          [nicolae_subvault_shop_adworks]
D:3:      layout_loops_cross, mainiacjoe_overflow_alcove_1, marbit_many_paths,
          mainiacjoe_overflow_chevrons, hellmonk_ecumenical_altar_prayer_group
D:4:      layout_loops_ring, serial_glass, glass_columns_a, glass_columns_a,
          glass_columns_a, glass_columns_b, glass_columns_a, glass_columns_a,
          glass_columns_a, glass_columns_b, glass_columns_a, glass_columns_a,
          glass_columns_c, glass_columns_b, glass_columns_b, glass_columns_c,
          st_stairs_1, uniq_menkaure
D:5:      layout_cave_pools, lightli_temple_of_fire,
          mainiacjoe_overflow_six_doors_small, serial_co_window_serial,
          co_window_paths_a, co_window_of_opportunity_a, co_window_corner_a,
          co_window_paths_b, co_window_paths_a, co_window_corner_a,
          co_window_broadway_c, co_window_broadway_c, co_window_broadway_a,
          co_window_2corner, co_window_4corner_a, gup_sewer_entry_pipe
D:6:      layout_layer_cave, gammafunk_temple_overflow_statue,
          uniq_prince_ribbit1, uniq_edmund
D:7:      layout_basic, amcnicky_altar_gilded, temple_doors_e,
          minmay_small_thing
D:8:      layout_basic, mainiacjoe_overflow_small_starburst, david_lair_generic,
          serial_shops, nicolae_stop_n_shop_1, nicolae_shop_trees,
          nicolae_stop_n_shop_1, kennysheep_mini_moat, shop, uniq_pikel
D:9:      layout_rooms, nicolae_qazlal_style_of_elements,
          kennysheep_big_empty_room, corner_web_ring, uniq_grum, uniq_joseph
D:10:     layout_basic, zin_scriptorium, cheibrodos_worm_habitat,
          minmay_orc_entry_guard_dogs, serial_demonic, serial_demonic_b,
          serial_demonic_d, serial_demonic_e, serial_demonic_c,
          serial_demonic_d, serial_demonic_g
Temple:   chequers_temple_sunken

Skill      XL: |  1  2  3  4  5  6  7  8  9 10 |
---------------+-------------------------------+-----
Fighting       | 4 5 7 8 9 10 | 10.0
Polearms       | 6 9 12 | 12.0
Dodging        | |  2.4
Stealth        | |  1.5

Action                   |  1- 3 |  4- 6 |  7- 9 | 10-12 || total
-------------------------+-------+-------+-------+-------++-------
Melee: Spear             |   208 |     9 |       |       ||   217
       Punch             |     1 |       |       |       ||     1
       Trident           |       |   225 |   443 |   133 ||   801
Throw: Javelin           |       |     2 |       |       ||     2
       Boomerang         |       |     1 |     6 |    11 ||    18
       Dart              |       |       |     2 |       ||     2
Invok: Oozemancy         |       |       |       |     6 ||     6
Evoke: Wand              |       |       |     9 |       ||     9
  Use: Scroll            |       |    14 |    10 |       ||    24
 Stab: Sleeping          |     3 |       |       |       ||     3
Armor: Robe              |    15 |       |       |       ||    15
       Chain mail        |    45 |   145 |   277 |    55 ||   522
       Ring mail         |     4 |       |       |       ||     4
Dodge: Dodged            |    59 |    36 |    71 |    21 ||   187
Block: Tower shield      |    62 |   184 |   353 |    72 ||   671
